 Dungeon Crawl Stone Soup version 0.31.0-9-g3a7656b989 (webtiles) character file.

Game seed: 10029232798442358192

39487 Colgate the Brawler (level 13, -1/113 HPs)
             Began as a Demonspawn Cinder Acolyte on Feb 2, 2024.
             Was an Initiate of Ignis.
             Slain by a death yak (19 damage)
             ... on level 4 of the Lair of Beasts on Feb 3, 2024.
             The game lasted 01:20:45 (17379 turns).

Colgate the Brawler (Demonspawn Cinder Acolyte)    Turns: 17379, Time: 01:20:46

Health: -1/113     AC: 25    Str: 34    XL:     13   Next: 69%
Magic:  14/14      EV:  8    Int: 17    God:    Ignis [......]
Gold:   802        SH:  0    Dex:  8    Spells: 12/14 levels left

rFire   + .          .
                       - Unarmed
rCold   + . .        (no shield)
rNeg    . . .        Y - +3 plate armour {rC+}
rPois   +            x - +2 hat
rElec   .            T - +0 cloak {rPois}
rCorr   .            (no gloves)
SInv    .            w - +2 pair of boots "Qaqatyx" {Rampage Str+4}
Will    .....        o - amulet of regeneration Stlth
                     I - +6 ring of strength
HPRegen 1.18/turn    C - +6 ring of strength
MPRegen 0.14/turn

%: rampage
@: mighty, hasted, very quick
A: claws 1, yellow scales 2, powered by death 3, powered by pain 1
a: Renounce Religion, Rising Flame


You were on level 4 of the Lair of Beasts.
You worshipped Ignis.
Ignis was noncommittal.
You visited 3 branches of the dungeon, and saw 16 of its levels.
You also visited: Bailey and Gauntlet.

You collected 802 gold pieces.

Inventory:

Hand Weapons
 N - the +1 war axe "Qigias" {heavy, rF+ Will+ Str-4 Dex+3}
   (You found it in a Gauntlet)

   Str-4:     It affects your strength (-4).
   Dex+3:     It affects your dexterity (+3).
   rF+:       It protects you from fire.
   Will+:     It increases your willpower.
 V - a +2 halberd of venom
 X - a +2 antimagic glaive
Missiles
 q - 15 poisoned darts
 r - 9 javelins (quivered)
 z - 4 throwing nets {!f}
 D - 13 boomerangs
Armour
 c - a +0 kite shield
 w - the +2 pair of boots "Qaqatyx" (worn) {Rampage Str+4}
   (You acquired it in a bailey)

   Str+4:     It affects your strength (+4).
   Rampage:   It bestows one free step when moving towards enemies.
 x - a +2 hat (worn)
 T - a +0 cloak of poison resistance (worn)
 Y - a +3 plate armour of cold resistance (worn)
Jewellery
 k - a ring of flight
 l - the ring of Hocvir {*Corrode +Blink Str-4 Int+6 SInv}
   (You found it in a Gauntlet)

   [ring of intelligence]

   Str-4:     It affects your strength (-4).
   Int+6:     It affects your intelligence (+6).
   SInv:      It lets you see invisible.
   +Blink:    It lets you blink.
   *Corrode:  It may corrode you when you take damage.
 o - an amulet of regeneration (around neck)
 s - a ring of see invisible
 C - a +6 ring of strength (right claw)
 I - a +6 ring of strength (left claw)
 K - a ring of ice
 L - a ring of positive energy
 Q - a ring of magical power
 S - a ring of ice
 U - a ring of willpower
 Z - a ring of resist corrosion
Wands
 v - a wand of digging (8) {@v3}
 y - a wand of paralysis (16)
 B - a wand of iceblast (12) {@v2}
 F - a wand of mindburst (14)
 R - a wand of polymorph (5)
Scrolls
 d - 6 scrolls of revelation
 e - 3 scrolls of fear
 g - 9 scrolls of teleportation {@r3}
 h - 2 scrolls of summoning
 i - a scroll of noise
 m - 2 scrolls of fog
 u - a scroll of poison
 E - a scroll of vulnerability {unknown}
 G - 3 scrolls of blinking {@r4}
 W - a scroll of amnesia
Potions
 a - 2 potions of brilliance
 b - a potion of invisibility {unknown}
 f - 2 potions of cancellation
 j - 2 potions of berserk rage {unknown}
 n - 5 potions of attraction
 A - a potion of resistance {@q5}
 H - 2 potions of might {@q3}
 M - 3 potions of mutation
Miscellaneous
 J - a phantom mirror
 O - a lightning rod (4/4)
 P - a phial of floods


   Skills:
 - Level 14.0 Fighting
 - Level 4.0 Polearms
 - Level 4.0 Throwing
 - Level 6.7 Armour
 + Level 15.5 Unarmed Combat
 - Level 1.0 Spellcasting
 - Level 2.6 Fire Magic
 - Level 3.2 Evocations


You had 12 spell levels left.
You knew the following spells:

 Your Spells              Type           Power      Damage    Failure   Level
a - Scorch                Fire           18%        2d5       58%         2

Your spell library contained the following spells:

 Spells                   Type           Power      Damage    Failure   Level
 Apportation              Tloc           0%         N/A       82%         1
 Freeze                   Ice            0%         1d3       82%         1
 Necrotise                Necr           0%         1d4       82%         1
 Slow                     Hex            0%         N/A       82%         1
 Sting                    Conj/Alch      0%         1d3       82%         1
 Summon Small Mammal      Summ           0%         N/A       82%         1
 Cigotuvi's Dreadful Rot  Necr/Alch/Air  0%         N/A       91%         2
 Jinxbite                 Hex            0%         N/A       91%         2
 Call Canine Familiar     Summ           0%         N/A       99%         3
 Confusing Touch          Hex            0%         N/A       99%         3
 Frozen Ramparts          Ice            0%         1d1       99%         3
 Hailstorm                Conj/Ice       0%         3d5       99%         3
 Sigil of Binding         Hex            0%         N/A       99%         3
 Stone Arrow              Conj/Erth      0%         3d7       99%         3
 Tukima's Dance           Hex            0%         N/A       99%         3
 Vampiric Draining        Necr           0%         2d6       99%         3
 Animate Armour           Summ/Erth      0%         N/A       100%        4
 Dimensional Bullseye     Hex/Tloc       0%         N/A       100%        4
 Ignite Poison            Fire/Alch      5%         N/A       100%        4
 Iskenderun's Mystic Bla  Conj/Tloc      0%         2d3       100%        4
 Summon Blazeheart Golem  Fire/Summ      5%         N/A       100%        4
 Summon Lightning Spire   Summ/Air       0%         N/A       100%        4
 Alistair's Intoxication  Alch           0%         N/A       100%        5
 Freezing Cloud           Conj/Ice/Air   0%         6-21      100%        5
 Lee's Rapid Deconstruct  Erth           0%         3d4*      100%        5
 Lehudib's Crystal Spear  Conj/Erth      0%         10d2      100%        8


Dungeon Overview and Level Annotations

Branches:
Dungeon (10/15)            Temple (1/1) D:5            Lair (5/5) D:10
 Shoals (0/4) Lair:3       Spider (0/4) Lair:3       Bailey (visited)
Gauntlet (visited)
  Slime: Lair:4-5       Orc: D:9-12

Altars:
Ashenzari
Cheibriados
Dithmenos
Fedhas
Gozag
Hepliaklqana
Kikubaaqudgha
Makhleb
Nemelex Xobeh
Okawaru
Qazlal
Ru
Sif Muna
Trog
Uskayaw
Vehumet
Wu Jian
Xom
Yredelemnul

Portals:
Trove: D:10 (give +8 demon whip)

Annotations:
D:1 CQL alttari
D:9 kallion takana juttuja
Lair:2 3 runed translucent doors, Limofeus's ghost, journeyman MiFi


Innate Abilities, Weirdness & Mutations

You have sharp fingernails.
You are mostly covered in yellow scales. (AC +3)
You regenerate a lot of health from kills.
You sometimes gain a little power by taking damage.


Message History

You mangle the death yak!! You claw the death yak!
You kill the death yak!
You eviscerate the death yak!!!
The death yak gores you but does no damage.
You claw the death yak! You barely miss the death yak.
The death yak gores you!!
* * * LOW HITPOINT WARNING * * *
You focus on the pain.
You feel mightier all of a sudden.
You claw the death yak! The death yak gores you.
* * * LOW HITPOINT WARNING * * *
You mangle the death yak!!
You kill the death yak!
Okay, then.
Okay, then.
Okay, then.
Aiming: Polymorph
Press: ? - help, Shift-Dir - straight line, f - death yak
Aim: a death yak (will become a white draconian, an ugly thing, or a formless jellyfish, chance to affect: 4%)
Okay, then.
Fire/throw/use which item? ([*] to toss any item) (? for menu, Esc to quit)
Okay, then.
Unknown command.
Aiming: Iceblast
Press: ? - help, Shift-Dir - straight line, f - death yak
Aim: a death yak The mass of ice explodes!
The iceblast engulfs the death yak.
You scratch the death yak. The death yak gores you.
* * * LOW HITPOINT WARNING * * *
You barely miss the death yak. The death yak gores you.
* * * LOW HITPOINT WARNING * * *
You feel better. The death yak barely misses you.
You feel yourself speed up. The death yak gores you.
* * * LOW HITPOINT WARNING * * *
You mangle the death yak!! You claw the death yak!
The death yak closely misses you.
You barely miss the death yak. You mangle the death yak!!
The death yak gores you!!
You die...

........~~~~~~...................
........~~≈≈~~...................
........~≈~≈≈~......†............
........~≈≈≈≈~.<.................
........~≈~≈~~.....†.............
........~~~~~~.............#..#..
..................†††......####..
.......P#.#.#)####÷>†.......~≈~#.
.........##.####@#†÷†......#≈≈≈P.
............# ##Y.........#≈≈≈~.
............## ##.........#~~.~.
.............# ##...............
............## #................
.......##.<..####........)##....#
......###...###.#.........###...#
......# #P.................##...#
......####.#.##..................


You could see a death yak.

Vanquished Creatures
  An orc warlord (Bailey)
  A minotaur (Gauntlet)
  Fannar (Lair:1)
  Harold (D:9)
  3 hydras
  Erica (D:8)
  2 boulder beetles
  2 two-headed ogres
  A death scarab (Gauntlet)
  7 death yaks
  A skyshark (Lair:2)
  A death drake (Gauntlet)
  3 harpies (Lair:3)
  A spectral boulder beetle (Gauntlet)
  Joseph (D:8)
  A centaur zombie (Gauntlet)
  3 elephants
  10 cane toads
  6 black mambas
  A rime drake (Lair:4)
  6 komodo dragons
  Maggie (D:8)
  A spectral meliai (Gauntlet)
  18 blink frogs
  A vampire (D:9)
  8 wyverns
  27 yaks
  2 basilisks
  2 redbacks (Lair:3)
  A steam dragon (D:8)
  10 water moccasins
  An acid dragon (D:9)
  2 laughing skulls (Gauntlet)
  2 ice beasts
  7 orc warriors
  2 sky beasts
  4 black bears
  5 ogres
  8 wolves
  4 boggarts (Lair:2)
  3 centaurs
  3 phantoms
  3 scorpions
  8 bullfrogs
  4 howler monkeys
  2 electric eels
  A lava snake (Lair:4)
  4 hounds
  4 jellies
  2 orc priests
  A spectral boggart (Gauntlet)
  2 gnoll boudas
  2 sleepcaps (D:6)
  6 hell rats (Lair:3)
  10 orc wizards
  Natasha (thrice) (D:3)
  5 iguanas
  Ijyb (D:4)
  31 gnolls
  4 adders
  2 river rats (D:10)
  2 shadow imps
  4 ufetubi (D:7)
  2 ribbon worms
  5 dart slugs
  60 orcs
  4 ball pythons
  5 bats
  6 endoplasms
  7 giant cockroaches
  17 goblins
  7 hobgoblins
  17 jackals
  17 kobolds
  3 quokkas
  8 frilled lizards
  5 rats
430 creatures vanquished.

Notes
Turn   | Place    | Note
-------+----------+-------------------------------------------
     0 | D:1      | Colgate the Demonspawn Cinder Acolyte began the quest for
                  | the Orb.
     0 | D:1      | Reached XP level 1. HP: 18/18 MP: 2/2
   152 | D:1      | Gained mutation: You regenerate a little health from kills.
                  | [demonic ancestry]
   152 | D:1      | Reached XP level 2. HP: 24/24 MP: 3/3
   163 | D:1      | Learned a level 2 spell: Scorch
   628 | D:1      | Gained mutation: You have sharp fingernails. [demonic
                  | ancestry]
   628 | D:1      | Reached XP level 3. HP: 14/29 MP: 4/4
   716 | D:1      | Found a faded altar of an unknown god.
  2174 | D:2      | Reached skill level 1 in Unarmed Combat
  2370 | D:2      | Reached XP level 4. HP: 35/35 MP: 5/5
  2404 | D:2      | Reached skill level 2 in Unarmed Combat
  3110 | D:3      | Noticed an ice beast
  3117 | D:3      | Killed an ice beast
  3118 | D:3      | Reached skill level 4 in Unarmed Combat
  3118 | D:3      | Reached XP level 5. HP: 30/41 MP: 6/6
  3211 | D:3      | Found a sacrificial altar of Ru.
  3245 | D:3      | Noticed Natasha
  3258 | D:3      | Killed Natasha
  3363 | D:3      | Noticed Natasha
  3369 | D:3      | Killed Natasha
  3370 | D:3      | Gained mutation: You are partially covered in yellow
                  | scales. (AC +2) [demonic ancestry]
  3370 | D:3      | Reached XP level 6. HP: 47/47 MP: 7/7
  3475 | D:3      | Reached skill level 5 in Unarmed Combat
  3807 | D:3      | Noticed Natasha
  3815 | D:3      | Killed Natasha
  3985 | D:4      | Gained mutation: You are mostly covered in yellow scales.
                  | (AC +3) [demonic ancestry]
  3985 | D:4      | Reached XP level 7. HP: 52/52 MP: 8/8
  4185 | D:4      | Reached skill level 6 in Unarmed Combat
  4299 | D:4      | Noticed Ijyb
  4307 | D:4      | Killed Ijyb
  4494 | D:4      | Reached skill level 1 in Armour
  4648 | D:5      | Entered Level 5 of the Dungeon
  4800 | D:5      | Found an opulent altar of Gozag.
  4932 | D:5      | You are sucked into a shaft and drop 2 floors!
  5221 | D:6      | Reached skill level 1 in Evocations
  5249 | D:6      | Reached XP level 8. HP: 46/58 MP: 9/9
  5658 | D:5      | Reached skill level 7 in Unarmed Combat
  6059 | D:5      | Reached skill level 8 in Unarmed Combat
  6590 | D:5      | Found a bloodstained altar of Trog.
  7145 | D:5      | Found a staircase to the Ecumenical Temple.
  7151 | Temple   | Entered the Ecumenical Temple
  7338 | D:6      | Reached skill level 9 in Unarmed Combat
  7437 | D:6      | Gained mutation: You sometimes gain a little power by
                  | taking damage. [demonic ancestry]
  7437 | D:6      | Reached XP level 9. HP: 64/65 MP: 10/10
  7540 | D:6      | Found an ancient bone altar of Kikubaaqudgha.
  8694 | D:7      | Noticed a two-headed ogre
  8701 | D:7      | Killed a two-headed ogre
  8702 | D:7      | Reached skill level 10 in Unarmed Combat
  8744 | D:7      | Identified the +0 leather armour of Xaybluyd {rC+ rCorr}
  9309 | D:8      | Reached skill level 11 in Unarmed Combat
  9339 | D:8      | Noticed Maggie
  9354 | D:8      | Killed Maggie
  9356 | D:8      | Noticed Joseph
  9371 | D:8      | Killed Joseph
  9372 | D:8      | Reached skill level 5 in Fighting
  9372 | D:8      | Gained mutation: You regenerate health from kills. [demonic
                  | ancestry]
  9372 | D:8      | Reached XP level 10. HP: 42/76 MP: 11/11
  9594 | D:8      | Noticed Erica
  9620 | D:8      | Killed Erica
  9662 | D:8      | Found a sparkling altar of Nemelex Xobeh.
  9725 | D:8      | Noticed a two-headed ogre
  9733 | D:8      | Killed a two-headed ogre
 10060 | D:8      | Reached skill level 12 in Unarmed Combat
 10888 | D:9      | Noticed a cyclops
 10889 | D:9      | Noticed a centaur warrior
 10890 | D:9      | Noticed a cyclops
 10894 | D:9      | Noticed a manticore
 10895 | D:9      | Noticed a white ugly thing
 10942 | D:9      | Reached skill level 13 in Unarmed Combat
 10977 | D:9      | Noticed a centaur warrior
 11013 | D:9      | Found a flagged portal.
 11023 | Bailey   | Entered a bailey
 11117 | Bailey   | Noticed an orc warlord
 11199 | Bailey   | Reached XP level 11. HP: 82/83 MP: 12/12
 11206 | Bailey   | Found a runed translucent gate.
 11206 | Bailey   | Found a runed translucent gate.
 11206 | Bailey   | Found a runed translucent gate.
 11266 | Bailey   | Killed an orc warlord
 11408 | Bailey   | Acquired the +2 pair of boots "Qaqatyx" {Rampage Str+4}
 11536 | D:9      | Noticed Harold
 11563 | D:9      | Killed Harold
 11908 | D:10     | Entered Level 10 of the Dungeon
 12106 | D:10     | Found a staircase to the Lair.
 12106 | D:10     | Noticed a death yak
 12115 | D:10     | Noticed a death yak
 12118 | D:10     | Noticed a death yak
 12123 | D:10     | Killed a death yak
 12124 | D:10     | Reached skill level 14 in Unarmed Combat
 12136 | D:10     | Killed a death yak
 12145 | D:10     | Killed a death yak
 12164 | D:10     | Found a portal to a secret trove of treasure.
 12215 | Lair:1   | Entered Level 1 of the Lair of Beasts
 12276 | Lair:1   | Noticed a boulder beetle
 12299 | Lair:1   | Killed a boulder beetle
 12642 | Lair:1   | Reached skill level 15 in Unarmed Combat
 12794 | Lair:1   | Identified the +4 ring mail of Quiet Fog {*Slow rPois Dex-5
                  | SInv}
 13006 | Lair:1   | You fall into a shaft and drop 1 floor!
 13016 | Lair:2   | Noticed a skyshark
 13657 | Lair:2   | Gained mutation: You regenerate a lot of health from kills.
                  | [demonic ancestry]
 13657 | Lair:2   | Reached XP level 12. HP: 92/92 MP: 13/13
 13689 | Lair:2   | Noticed Fannar
 13830 | Lair:1   | Killed Fannar
 14210 | Lair:2   | Found a runed translucent gate.
 14210 | Lair:2   | Found a runed translucent gate.
 14210 | Lair:2   | Found a runed translucent gate.
 14254 | Lair:2   | Noticed Limofeus's ghost (journeyman MiFi)
 14307 | Lair:2   | Noticed a boulder beetle
 14319 | Lair:2   | Killed a boulder beetle
 14320 | Lair:2   | Reached skill level 10 in Fighting
 14344 | Lair:2   | Noticed a six-headed hydra
 14349 | Lair:2   | Killed a six-headed hydra
 14384 | Lair:2   | Noticed a four-headed hydra
 14390 | Lair:2   | Killed a four-headed hydra
 14825 | Lair:2   | Reached skill level 5 in Armour
 14892 | Lair:3   | Found a gate leading to a gauntlet.
 14911 | Gauntlet | Entered a Gauntlet
 14911 | Gauntlet | Found a transporter.
 14911 | Gauntlet | Found a transporter.
 14912 | Gauntlet | Found a transporter.
 14912 | Gauntlet | Found a transporter.
 14912 | Gauntlet | Noticed a death scarab
 14915 | Gauntlet | Found a transporter.
 14915 | Gauntlet | Found a transporter.
 14925 | Gauntlet | Found a transporter.
 14929 | Gauntlet | Found a transporter.
 14931 | Gauntlet | Found a large runed translucent door.
 14932 | Gauntlet | Found a large runed translucent door.
 14933 | Gauntlet | Found a large runed translucent door.
 14933 | Gauntlet | Found a large runed translucent door.
 14933 | Gauntlet | Found a runed translucent door.
 14933 | Gauntlet | Found a runed translucent door.
 14934 | Gauntlet | Found a large runed translucent door.
 14935 | Gauntlet | Found a large runed translucent door.
 14936 | Gauntlet | Found a large runed translucent door.
 14936 | Gauntlet | Found a large runed translucent door.
 14937 | Gauntlet | Found a runed translucent gate.
 14937 | Gauntlet | Found a runed translucent gate.
 14937 | Gauntlet | Found a runed translucent gate.
 14939 | Gauntlet | Found a transporter.
 14950 | Gauntlet | Found a large runed translucent door.
 14951 | Gauntlet | Found a large runed translucent door.
 14952 | Gauntlet | Found a large runed translucent door.
 14959 | Gauntlet | Found a large runed translucent door.
 14961 | Gauntlet | Found a large runed translucent door.
 14961 | Gauntlet | Found a large runed translucent door.
 14962 | Gauntlet | Found a large runed translucent door.
 14963 | Gauntlet | Found a large runed translucent door.
 15045 | Gauntlet | Found a transporter.
 15047 | Gauntlet | Found a transporter.
 15055 | Gauntlet | Found a transporter.
 15203 | Gauntlet | Killed a death scarab
 15391 | Gauntlet | Identified the ring of Hocvir {*Corrode +Blink Str-4 Int+6
                  | SInv}
 15423 | Gauntlet | Noticed a minotaur
 15432 | Gauntlet | Killed a minotaur
 15440 | Gauntlet | Identified the +1 war axe "Qigias" {heavy, rF+ Will+ Str-4
                  | Dex+3}
 15665 | Lair:3   | Found a hole to the Spider Nest.
 15942 | Lair:3   | Reached XP level 13. HP: 108/108 MP: 14/14
 15947 | Lair:3   | Found a staircase to the Shoals.
 16804 | Lair:4   | Identified the +1 robe of Malyha {rF+ rC+ Will+}
 17088 | Lair:5   | Entered Level 5 of the Lair of Beasts
 17379 | Lair:4   | Slain by a death yak

Illustrated notes

Levels and vault maps discovered:
D:1:      minmay_arrival_semitransparent, layout_loops_ring,
          chequers_ecumenical_altar_lobes, grunt_decor_one_mirror,
          minmay_tetromino_i2
D:2:      layout_basic, kennysheep_generic_room_5
D:3:      layout_loops_ring, nicolae_ru_path_of_blood, minmay_misc_feat_room,
          uniq_natasha
D:4:      layout_rooms, uniq_ijyb
D:5:      lemuel_castle_with_subvaults [lemuel_castle_interior_carwin_3],
          layout_basic, mainiacjoe_overflow_catch_the_wave, temple_green
D:6:      minmay_angry_zag, layout_gridville,
          nicolae_kikubaaqudgha_miasma_corner
D:7:      layout_basic, chequers_serial_rivers_micro_c
D:8:      layout_basic, old_standard_altar, lemuel_coloured_pillars_altar,
          uniq_erica, uniq_joseph, uniq_maggie
D:9:      layout_long_grid, enter_bailey_7, onia_ninara_dug_in_and_dangerous,
          uniq_harold
D:10:     layout_roguey [special_room_orc], dpeg_lair_monsters, enter_trove_0,
          uniq_psyche
Temple:   eino_temple_scatter_basement
Lair:1:   layout_regular_city, nzn_sisyphean_effort
Lair:2:   layout_chaotic_city, ebering_ghost_rock_garden,
          grunt_forest_small_clearings, kilobyte_rumbling_trees, uniq_fannar
Lair:3:   layout_gridlike, nicolae_shoals_entry_roost, spider_nest_entry_webs,
          gauntlet_entry_generic
Lair:4:   layout_gridlike, beast_lair_carwin_3
Lair:5:   due_jungle_book, layout_misc_corridors, minmay_slime_entry_oklob_open,
          grunt_megastairs_4

Skill      XL: |  1  2  3  4  5  6  7  8  9 10 11 12 13 |
---------------+----------------------------------------+-----
Polearms       | 3 4 |  4.0
Unarmed Combat | 1 4 5 6 9 11 13 15 | 15.5
Armour         | 2 4 6 |  6.7
Evocations     | 1 3 |  3.2
Throwing       | 2 4 |  4.0
Fighting       | 4 5 6 7 12 14 | 14.0
Spellcasting   | |  1.0
Fire Magic     | |  2.6

Action                     |  1- 3 |  4- 6 |  7- 9 | 10-12 | 13-15 || total
---------------------------+-------+-------+-------+-------+-------++-------
  Melee: Spear             |    32 |       |       |       |       ||    32
         Short sword       |   124 |    11 |       |       |       ||   135
         Punch             |     4 |     3 |    25 |    43 |    10 ||    85
         Unarmed           |       |   120 |   524 |   595 |   160 ||  1399
  Throw: Dart              |       |       |     7 |    40 |       ||    47
         Javelin           |       |       |       |    22 |     1 ||    23
         Boomerang         |       |       |       |    17 |    91 ||   108
         Throwing net      |       |       |       |     2 |       ||     2
   Cast: Scorch            |     3 |     1 |       |       |       ||     4
 Invoke: Fiery Armour      |       |     2 |     5 |     6 |       ||    13
  Evoke: Wand              |       |       |     6 |       |     1 ||     7
         Phial of floods   |       |       |       |     1 |       ||     1
    Use: Scroll            |     2 |     2 |    10 |    12 |     1 ||    27
         Potion            |       |       |       |     8 |     2 ||    10
   Stab: Distracted        |       |       |       |     1 |       ||     1
 Armour: Robe              |    91 |    26 |       |       |       ||   117
         Leather armour    |       |    19 |       |       |       ||    19
         Chain mail        |       |    45 |   426 |   414 |       ||   885
         Plate armour      |       |       |       |    38 |   188 ||   226
  Dodge: Dodged            |   102 |    36 |   177 |   219 |    77 ||   611
